 Dungeon Crawl Stone Soup version 0.29.1-2-gbd0b4ee654 (webtiles) character file.

Game seed: 9625138533945222465

238 Avanven the Ruffian (level 5, 0/50 HPs)
             Began as a Troll Fighter on Nov 29, 2022.
             Constricted to death by Duvessa (6 damage)
             ... on level 4 of the Dungeon.
             The game lasted 00:03:26 (2717 turns).

Avanven the Ruffian (Troll Fighter)                 Turns: 2717, Time: 00:03:26

Health: 0/50       AC:  4    Str: 26    XL:     5   Next: 78%
Magic:  4/4        EV:  9    Int:  4    God:
Gold:   118        SH:  7    Dex:  9    Spells: 4/4 levels left

rFire   . . .      SeeInvis .     - Unarmed
rCold   . . .      Faith    .   b - +0 kite shield
rNeg    . . .      Spirit   .   a - +0 robe
rPois   .          Reflect  .   (helmet restricted)
rElec   .          Harm     .   i - scarf {+Inv}
rCorr   .          Rampage  .   (gloves unavailable)
Will    .....                   (boots unavailable)
Stlth   +.........              (no amulet)
HPRegen 0.96/turn               h - +4 ring of evasion
MPRegen 0.09/turn               (no ring)

@: grasped by roots, constricted
A: large, unfitting armour, claws 3, regeneration 1, shaggy fur 1, tough skin 1
a: Evoke Invisibility


You were on level 4 of the Dungeon.
You visited 1 branch of the dungeon, and saw 4 of its levels.

You collected 118 gold pieces.

Inventory:

Missiles
 d - 4 throwing nets (quivered)
Armour
 a - a +0 robe (worn)
 b - a +0 kite shield (worn)
 i - a scarf of invisibility (worn)
Jewellery
 h - a +4 ring of evasion (left claw)
Scrolls
 l - 3 scrolls of identify
 m - a scroll of silence {unknown}
 n - a scroll of amnesia
 p - a scroll of vulnerability {unknown}
Potions
 c - 2 potions of might
 e - a potion of heal wounds
 f - 4 potions of curing
 g - a potion of cancellation {unknown}
 j - a potion of degeneration {unknown}
 k - a potion of berserk rage {unknown}
 o - a potion of haste {unknown}


   Skills:
 - Level 2.4 Fighting
 - Level 2.4 Dodging
 - Level 2.6 Shields
 + Level 6.1 Unarmed Combat


You had 4 spell levels left.
You didn't know any spells.
Your spell library contained the following spells:

 Spells                   Type           Power      Damage    Failure   Level
 Apportation              Tloc           0%         N/A       80%         1
 Necrotise                Necr           0%         1d4       80%         1
 Summon Small Mammal      Summ           0%         N/A       80%         1


Dungeon Overview and Level Annotations

Branches:
Dungeon (4/15)
 Temple: D:4-7

Altars:
Makhleb
Vehumet

Shops:
D:2 =   D:4 (

Annotations:
D:4 Dowan, Duvessa


Innate Abilities, Weirdness & Mutations

You are too large for most types of armour.
You have claws for hands.
Your natural rate of healing is unusually fast.
You are covered in fur. (AC +1)
You have tough skin. (AC +1)


Message History

You block Duvessa's attack.
You barely miss Duvessa.
Duvessa is moderately wounded.
Duvessa barely misses you.
You claw Duvessa!
Duvessa is heavily wounded.
Dowan, Brother of Duvessa comes into view.
He is wielding a +0 dagger.
You block Duvessa's attack.
You scratch Duvessa but do no damage.
Duvessa is heavily wounded.
Duvessa completely misses you.
Duvessa hits you with a +4 short sword of electrocution!
You claw Duvessa!
Duvessa is almost dead.
You block Duvessa's attack.
You barely miss Duvessa.
Duvessa is almost dead.
Duvessa barely misses you.
You scratch Duvessa but do no damage.
Duvessa is almost dead.
Duvessa zaps a wand.
The roots erupt in riotous growth!
The grasping roots grab you!
Duvessa is unaffected.
The grasping roots constrict you.
You barely miss Duvessa.
Duvessa is almost dead.
Dowan casts a spell.
Dowan blinks!
Duvessa hits you with a +4 short sword of electrocution.
The grasping roots constrict you.
You barely miss Duvessa.
Duvessa is almost dead.
Duvessa barely misses you. The grasping roots constrict you.
You barely miss Duvessa.
Duvessa is almost dead.
Duvessa hits you with a +4 short sword of electrocution!
* * * LOW HITPOINT WARNING * * *
You are electrocuted!
* * * LOW HITPOINT WARNING * * *
The grasping roots constrict you.
You die...

........#.#.# #...##..# #.†...
#...#####.#.###...##..######.....
....>..............).............
...................).............
..........#.####.#.#..#'#########
.......#..#......#.#.........#
.......#..######.#.#.........##
.......#..# #.#..............
.###...#..### #@###.......#....
.# #...#....# #e# #.......# ...
.# #...#....# #§# #.......# ..
.###...#....####'###..)....# ...
.......#..####.............#...
............##........e....#...
.....≈≈≈≈≈≈.##..e..............
.....≈≈≈≈≈≈....................
.....≈≈._≈≈....................


You could see Duvessa and Dowan.

Vanquished Creatures
  An ogre (D:4)
  4 gnolls (D:4)
  3 adders
  3 dart slugs
  7 orcs
  7 endoplasms
  A giant cockroach (D:4)
  5 hobgoblins
  4 jackals
  4 kobolds
  7 quokkas
  5 ball pythons
  4 bats
  A frilled lizard (D:1)
  7 goblins
  2 rats (D:1)
65 creatures vanquished.

Notes
Turn   | Place    | Note
-------+----------+-------------------------------------------
     0 | D:1      | Avanven the Troll Fighter began the quest for the Orb.
     0 | D:1      | Reached XP level 1. HP: 22/22 MP: 0/0
   147 | D:1      | Reached XP level 2. HP: 29/29 MP: 1/1
   210 | D:1      | Reached skill level 3 in Unarmed Combat
   548 | D:1      | You fall into a shaft and drop 1 floor!
   763 | D:2      | Reached XP level 3. HP: 35/36 MP: 2/2
   807 | D:2      | Found Wotur's Jewellery Boutique.
  1331 | D:2      | Reached skill level 4 in Unarmed Combat
  1834 | D:3      | Reached XP level 4. HP: 43/44 MP: 3/3
  1938 | D:3      | Found a radiant altar of Vehumet.
  1995 | D:3      | Found a faded altar of an unknown god.
  2288 | D:4      | Noticed an ogre
  2328 | D:4      | Killed an ogre
  2329 | D:4      | Reached skill level 5 in Unarmed Combat
  2329 | D:4      | Reached XP level 5. HP: 29/50 MP: 4/4
  2483 | D:4      | Found Fitte's Antique Weapon Boutique.
  2529 | D:4      | Reached skill level 6 in Unarmed Combat
  2530 | D:4      | Found a burning altar of Makhleb.
  2694 | D:4      | Noticed Duvessa
  2710 | D:4      | Noticed Dowan
  2717 | D:4      | Constricted to death by Duvessa

Illustrated notes

Levels and vault maps discovered:
D:1:      minmay_arrival_semitransparent, layout_basic
D:2:      layout_loops_corners, serial_shops, shop
D:3:      layout_loops_ring, mainiacjoe_overflow_six_doors_small,
          hellmonk_ecumenical_altar_leap_of_faith, minmay_misc_feat_tiny
D:4:      layout_basic, general_overflow_altar, serial_shops,
          nicolae_shop_hallway_stairs, minmay_surrounded, uniq_duvessa

Skill      XL: |  1  2  3  4  5 |
---------------+----------------+-----
Unarmed Combat | 3 4 5 6 |  6.1
Fighting       | |  2.4
Dodging        | |  2.4
Shields        | |  2.6

Action                   |  1- 3 |  4- 6 || total
-------------------------+-------+-------++-------
Melee: Unarmed           |    90 |    84 ||   174
Throw: Throwing net      |       |     4 ||     4
  Use: Scroll            |     5 |       ||     5
 Stab: Sleeping          |       |     1 ||     1
Armor: Robe              |    31 |    19 ||    50
Dodge: Dodged            |    36 |    51 ||    87
Block: Kite shield       |    23 |    36 ||    59
